 Dungeon Crawl Stone Soup version 0.19-a0-1886-gd64a0f0 (webtiles) character file.

570 dvd the Stinger (level 7, -1/43 HPs)
             Began as an Octopode Venom Mage on Oct 16, 2016.
             Slain by a wraith (5 damage)
             ... in an ossuary.
             The game lasted 00:12:48 (4663 turns).

dvd the Stinger (Octopode Venom Mage)               Turns: 4663, Time: 00:12:49

Health: -1/43      AC:  1    Str:  7    XL:     7   Next: 34%
Magic:  0/12       EV: 14    Int: 25    God:
Gold:   193        SH:  0    Dex: 12    Spells: 2 memorised, 8 levels left

rFire  . . .     SeeInvis .     a - +2 flail (protect)
rCold  . . .     Gourm    .     (no shield)
rNeg   . . .     Faith    .     (helmet restricted)
rPois  .         Spirit   +     v - amulet of guardian spirit
rElec  .         Dismiss  .     (no ring)
rCorr  .         Reflect  .     (no ring)
MR     .....     Harm     .     (no ring)
Stlth  ++++......               (no ring)
                                (no ring)
                                (no ring)
                                (no ring)
                                (no ring)

@: brilliant, flying, slowed, very slow
A: almost no armour, stealthy swim, amphibious, 8 rings, constrict 8, camouflage
1, gelatinous body 1
a: no special abilities


You were in an ossuary.
You were hungry.

You visited 1 branch of the dungeon, and saw 5 of its levels.
You also visited: Ossuary.

You collected 193 gold pieces.

Inventory:

Hand Weapons
 a - a +2 flail of protection (weapon)
 t - a +0 short sword
 A - a +2 hand axe of draining
 B - a +0 trident
Jewellery
 v - an amulet of guardian spirit (around mantle)
Wands
 C - a wand of enslavement (11/24)
 F - a wand of polymorph (11/24)
Scrolls
 f - 2 scrolls of blinking {unknown}
 g - 4 scrolls of remove curse {unknown}
 h - 3 scrolls of random uselessness
 p - 2 scrolls of recharging {unknown}
 q - 2 scrolls of amnesia {unknown}
 r - 2 scrolls of fog {unknown}
 s - a scroll of magic mapping {unknown}
 u - 6 scrolls of identify {unknown}
 y - 2 scrolls of teleportation {unknown}
 z - a scroll of immolation {unknown}
 E - a scroll of silence {unknown}
Potions
 d - a potion of curing
 e - a potion of berserk rage {unknown}
 j - a potion of resistance {unknown}
 k - 2 potions of brilliance
 m - a potion of flight
 n - a potion of degeneration {unknown}
 o - a potion of invisibility {unknown}
 w - a potion of beneficial mutation {unknown}
 x - a potion of might {unknown}
 D - a potion of mutation {unknown}
Books
 i - a Young Poisoner's Handbook

   Spells                             Type                      Level
   a - Sting                          Conjuration/Poison           1
   b - Mephitic Cloud                 Conjuration/Poison/Air       3
   c - Olgreb's Toxic Radiance        Poison                       4
   d - Alistair's Intoxication        Transmutation/Poison         5
   e - Venom Bolt                     Conjuration/Poison           5
Comestibles
 b - 4 bread rations
 c - a slice of pizza
 l - 2 meat rations


   Skills:
 + Level 1.1 Fighting
 + Level 1.4 Short Blades
 + Level 0.6(0.7) Axes
 + Level 0.4(0.6) Maces & Flails
 + Level 2.8 Dodging
 + Level 5.3 Stealth
 + Level 3.8 Spellcasting
 + Level 2.2 Conjurations
 + Level 6.7 Poison Magic


You had 8 spell levels left.
You knew the following spells:

 Your Spells              Type           Power        Failure   Level  Hunger
a - Sting                 Conj/Pois      ####         1%          1    None
b - Olgreb's Toxic Radia  Pois           ######..     1%          4    ####...


Dungeon Overview and Level Annotations

Branches:
Dungeon (5/15)
 Temple: D:4-7

Altars:
Makhleb
Trog


Innate Abilities, Weirdness & Mutations

You cannot wear most types of armour.
You are very stealthy in the water. (Stealth+)
You are amphibious.
You can wear up to eight rings at the same time.
You can use your tentacles to constrict eight enemies at once.
Your skin changes colour to match your surroundings (Stealth+).
Your rubbery body absorbs attacks. (AC +1, EV +1)


Message History

Here: a wraith (lightly damaged)
The floor.
Unknown command.
Unknown command.
Evoke which item? (* to show all) (? for menu, Esc to quit)
Zapping:
C - a wand of enslavement (will waste charges)
Press: ? - help, Shift-Dir - straight line, f - wraith
Aim: a wraith (lightly damaged, chance to defeat MR: 15%)
Okay, then.
Unknown command.
Evoke which item? (* to show all) (? for menu, Esc to quit)
Zapping:
F - a wand of polymorph (will waste charges)
Press: ? - help, Shift-Dir - straight line, f - wraith
Aim: a wraith (lightly damaged, chance to defeat MR: 15%)
Okay, then.
Unknown command.
As you read the scroll labeled TISATT VYIPIAKH, it crumbles to dust.
Your +2 flail of protection glows dull leaf green for a moment.
It was a scroll of random uselessness.
The wraith hits you.
You die...

#.###..###..###.# #
#...............# #
#.###.......###.###
#.#z#.......# #.'..
#.###.......###.###
#...............# #
#.###..###..###.# #
#.#W#..#z#..#)#.#
#.@##..###..##'.#
#...............#
#################


You could see a wraith.

Vanquished Creatures
  An ogre (D:3)
  A wight (Ossuary)
  A howler monkey (D:4)
  2 iguanas (D:5)
  2 orc wizards (D:5)
  2 worker ants
  2 hound skeletons (D:5)
  3 gnolls (D:3)
  6 adders
  A shadow imp (D:5)
  2 adder zombies (Ossuary)
  4 worms
  4 dart slugs
  2 leopard geckos
  5 orcs
  2 ball pythons
  10 bats
  4 giant cockroaches
  9 hobgoblins
  8 jackals
  A ball python skeleton (Ossuary)
  8 frilled lizards
  8 goblins
  A hobgoblin skeleton (Ossuary)
  13 kobolds
  A kobold zombie (Ossuary)
  3 orc skeletons (Ossuary)
  2 orc zombies (Ossuary)
  6 rats
114 creatures vanquished.

Vanquished Creatures (others)
  A hobgoblin (D:1)
1 creature vanquished.

Grand Total: 115 creatures vanquished

Notes
Turn   | Place    | Note
-------+----------+-------------------------------------------
     0 | D:1      | dvd the Octopode Venom Mage began the quest for the Orb.
     0 | D:1      | Reached XP level 1. HP: 11/11 MP: 3/3
    37 | D:1      | Reached skill level 5 in Poison Magic
   165 | D:1      | Reached XP level 2. HP: 17/17 MP: 0/5
  1311 | D:1      | Reached XP level 3. HP: 15/21 MP: 0/6
  2212 | D:2      | Reached XP level 4. HP: 27/27 MP: 2/8
  2218 | D:2      | Learned a level 4 spell: Olgreb's Toxic Radiance
  2341 | D:2      | Found a bloodstained altar of Trog.
  2813 | D:3      | Noticed an ogre
  2825 | D:3      | Killed an ogre
  2825 | D:3      | Reached skill level 1 in Short Blades
  2825 | D:3      | Reached skill level 1 in Conjurations
  2825 | D:3      | Reached XP level 5. HP: 31/31 MP: 1/9
  3083 | D:3      | Reached XP level 6. HP: 36/36 MP: 1/11
  3088 | D:3      | Reached skill level 6 in Poison Magic
  4181 | D:4      | Noticed a black bear
  4189 | D:4      | Found a burning altar of Makhleb.
  4192 | D:5      | Entered Level 5 of the Dungeon
  4247 | D:5      | Reached skill level 5 in Stealth
  4247 | D:5      | Reached XP level 7. HP: 21/42 MP: 1/12
  4381 | D:5      | Found a sand-covered staircase.
  4425 | Ossuary  | Entered an ossuary
  4563 | Ossuary  | Noticed a flying skull
  4563 | Ossuary  | Noticed a wraith
  4570 | Ossuary  | Noticed a flying skull
  4575 | Ossuary  | Noticed a flying skull
  4588 | Ossuary  | Noticed a flying skull
  4612 | Ossuary  | Reached skill level 1 in Fighting
  4647 | Ossuary  | Noticed a wraith
  4663 | Ossuary  | Slain by a wraith

Vault maps used:
D:1:      minmay_arrival_radiant_lines, serial_park_tiny_2, lemuel_old_faithful
D:2:      first_bread, serial_forest, infiniplex_forest_pool,
          infiniplex_forest_end_3, infiniplex_forest_straight_2,
          infiniplex_forest_clump_C, infiniplex_forest_end_3,
          infiniplex_forest_clump_tiny, infiniplex_forest_lined_1,
          trog_butcher_becter
D:3:      minmay_wonky_spiral, corexii_hall_statues_t, serial_bayou_pond_e
D:4:      overflow_temple_1_default, serial_shops, nicolae_shop_behind_doors,
          kennysheep_big_empty_room, minmay_misc_feat_columns, minmay_surrounded
D:5:      kennysheep_mini, enter_ossuary_5, st_stairs_9, uniq_grinder
Ossuary:  ossuary_due_cavern

Skill      XL: |  1  2  3  4  5  6  7 |
---------------+----------------------+-----
Poison Magic   | 5 6 |  6.7
Stealth        | 3 4 5 |  5.3
Short Blades   | 1 |  1.4
Spellcasting   | 3 |  3.8
Conjurations   | 1 2 |  2.2
Fighting       | 1 |  1.1
Axes           | |  0.6
Maces & Flails | |  0.4
Dodging        | |  2.8

Action                   |  1- 3 |  4- 6 |  7- 9 || total
-------------------------+-------+-------+-------++-------
Melee: Short sword       |    14 |    34 |       ||    48
       Unarmed           |     2 |       |       ||     2
       Constrict         |     4 |    16 |     9 ||    29
       Tentacles         |     2 |     8 |    10 ||    20
       Flail             |       |     8 |    47 ||    55
       Hand axe          |       |     8 |       ||     8
 Cast: Sting             |    69 |    51 |       ||   120
       Olgreb's Toxic Ra |       |    13 |     2 ||    15
  Use: Potion            |       |       |     3 ||     3
       Scroll            |       |       |     1 ||     1
 Stab: Sleeping          |       |     9 |     8 ||    17
  Eat: Chunk             |     4 |     9 |     2 ||    15
Armor: Skin              |     4 |     6 |     8 ||    18
Dodge: Dodged            |     9 |    34 |    32 ||    75
